 Dungeon Crawl Stone Soup version 0.30.1-4-g462c640d31 (webtiles) character file.

Game seed: 9387307090739583897

49 rddays123 the Caller (level 3, 0/14 HPs)
             Began as a Felid Summoner on Sept 7, 2023.
             Slain by a gnoll
             ... wielding a +0 halberd
              (8 damage)
             ... on level 3 of the Dungeon.
             The game lasted 00:07:31 (2341 turns).

rddays123 the Caller (Felid Summoner)               Turns: 2341, Time: 00:07:33

Health: 0/14       AC:  1    Str:  4    XL:     3   Next: 51%
Magic:  5/8        EV: 17    Int: 18    God:
Gold:   80         SH:  0    Dex: 16    Spells: 4/7 levels left
                                        Lives:  0   Deaths: 0

rFire   . . .        (weapon unavailable)
rCold   . . .        (shield unavailable)
rNeg    . . .        (body armour unavailable)
rPois   .            (helmet unavailable)
rElec   .            (cloak unavailable)
rCorr   .            (gloves unavailable)
SInv    +            (boots unavailable)
Will    .....        (no amulet)
Stlth   ++           (no ring)
HPRegen 0.22/turn    (no ring)
MPRegen 0.11/turn

%: no passive effects
@: quick
A: very small, claws 1, fangs 3, see invisible, speed 1, shaggy fur 1, stealthy
paws, no weapons or thrown items, no armour, multi-lived
a: no special abilities


You were on level 3 of the Dungeon.
You visited 1 branch of the dungeon, and saw 3 of its levels.

You collected 80 gold pieces.

Inventory:

Jewellery
 p - a ring of willpower
Wands
 l - a wand of acid (9)
Scrolls
 b - a scroll of blinking {unknown}
 c - 2 scrolls of teleportation {unknown}
 d - a scroll of brand weapon {unknown}
 e - a scroll of enchant weapon {unknown}
 f - 4 scrolls of identify {unknown}
 g - 3 scrolls of magic mapping {unknown}
 i - a scroll of amnesia {unknown}
 n - a scroll of vulnerability {unknown}
 o - a scroll of acquirement {unknown}
Potions
 a - a potion of magic
 h - a potion of invisibility {unknown}
 j - 2 potions of degeneration {unknown}
 k - a potion of curing {unknown}
 m - a potion of lignification {unknown}


   Skills:
 - Level 2.7 Dodging
 - Level 2.7 Stealth
 + Level 2.9 Spellcasting
 + Level 4.6 Summonings


You had 4 spell levels left.
You knew the following spells:

 Your Spells              Type           Power      Damage    Failure   Level
a - Summon Small Mammal   Summ           76%        N/A       2%          1
b - Call Imp              Summ           38%        N/A       3%          2

Your spell library contained the following spells:

 Spells                   Type           Power      Damage    Failure   Level
 Call Canine Familiar     Summ           19%        N/A       7%          3
 Summon Guardian Golem    Hex/Summ       11%        N/A       19%         3
 Summon Lightning Spire   Summ/Air       11%        N/A       54%         4


Dungeon Overview and Level Annotations

Branches:
Dungeon (3/15)

Altars:

Shops:
D:1 [


Innate Abilities, Weirdness & Mutations

You have sharp claws.
You have razor-sharp teeth.
You have supernaturally acute eyesight. (SInv)
You cover ground quickly. (Speed+)
You are covered in fur. (AC +1)
Your paws help you pounce on unaware monsters.
You are incapable of wielding weapons or throwing items.
You cannot wear armour.
You gain extra lives every three experience levels.


Message History

There is a stone staircase leading down here.
There is a stone staircase leading up here.
There is a stone staircase leading up here.
There is an open door here.
There is an open door here.
There is a stone staircase leading down here.
You climb downwards.
Found a marble ring and a lumpy inky potion.
There is a stone staircase leading up here.
Casting: Summon Small Mammal (safe; 2% risk of failure)
Confirm with . or Enter, or press ? or * to list all spells.
A tiny devil pulls itself out of the air.
The gnoll shouts!
The endoplasm quivers.
Found a red potion.
You see here a ring of willpower.
p - a ring of willpower Your cerulean imp hits the endoplasm but does no damage.
The gnoll closely misses you.
Your cerulean imp hits the endoplasm with a -3 spear.
There is a stone staircase leading up here.
The gnoll barely misses you.
Your cerulean imp hits the endoplasm from afar with a -3 spear.
The endoplasm dies!
The gnoll barely misses you. x2
Your cerulean imp hits the gnoll but does no damage.
Your bat hits the gnoll but does no damage.
Your bat barely misses the gnoll.
The gnoll closely misses you.
The gnoll hits you from afar with a +0 spear.
Your quokka closely misses the gnoll.
Your cerulean imp hits the gnoll from afar with a -3 spear.
The gnoll closely misses you. x2; Your quokka bites the gnoll.
There is a stone staircase leading up here.
Your bat hits the gnoll but does no damage.
Your cerulean imp hits the gnoll from afar with a -3 spear.
Your quokka bites the gnoll.
The gnoll hits your cerulean imp from afar with a +0 spear.
The gnoll hits you from afar with a +0 halberd!
Ouch! That really hurt!
You die...

#!. #..# #..# #..#
###..# .....#+#+#
#######.....#
.........@..###
######..r....#
#.ggb5..#
#..........
............# ####
#[##....!....#
#<.. #.
#.........# #.##
#g
##.#############.#
#. .# #........#


You could see 2 gnolls, a friendly cerulean imp (summoned), a friendly quokka
(summoned) and a friendly bat (summoned).

Vanquished Creatures (collateral kills)
  A worm (D:3)
  3 dart slugs
  3 ball pythons
  3 endoplasms
  14 giant cockroaches
  3 goblins
  3 bats
  A frilled lizard (D:2)
  A kobold (D:1)
  3 rats
  A spectral goblin (D:2)
36 creatures vanquished.

Notes
Turn   | Place    | Note
-------+----------+-------------------------------------------
     0 | D:1      | rddays123 the Felid Summoner began the quest for the Orb.
     0 | D:1      | Reached XP level 1. HP: 7/7 MP: 4/4
    34 | D:1      | Found Sozief's Armour Emporium.
   546 | D:1      | Reached XP level 2. HP: 11/11 MP: 4/6
  1490 | D:2      | Noticed an ogre
  1679 | D:2      | Found a faded altar of an unknown god.
  1687 | D:2      | Reached XP level 3. HP: 14/14 MP: 5/8
  1923 | D:2      | Learned a level 2 spell: Call Imp
  2341 | D:3      | Slain by a gnoll

Illustrated notes

Levels and vault maps discovered:
D:1:      grunt_arrival_lava_bath, layout_loops_ring, serial_shops, shop,
          nicolae_kite_square_tiling_tiny
D:2:      minmay_roachtagon, layout_loops_ring,
          dreamdust_ecumenical_altar_drowned_temple, dk_noncrumbling_2,
          lightli_corner_chamber
D:3:      layout_basic, kennysheep_vampire_church, elyvilon_altar_5

Action                     || total
---------------------------++-------
  Melee: Unarmed           ||     2
   Cast: Summon Small Mamm ||    70
         Call Imp          ||     4
 Armour: Skin              ||     1
  Dodge: Dodged            ||    47
